 Dungeon Crawl Stone Soup version 0.18.1-8-gdd0e5ea (webtiles) character file.

219 matakusis the Stinger (level 5, -10/35 HPs)
             Began as a Demonspawn Venom Mage on June 10, 2016.
             Killed by nerve-wracking pain
             ... invoked by an orc priest
              (11 damage)
             ... on level 4 of the Dungeon.
             The game lasted 00:15:00 (1895 turns).

matakusis the Stinger (Demonspawn Venom Mage)       Turns: 1895, Time: 00:15:00

Health: -10/35     AC: 16    Str:  8    XL:     5   Next: 64%
Magic:  0/9        EV: 13    Int: 17    God:
Gold:   100        SH:  0    Dex: 14    Spells: 2 memorised, 6 levels left

rFire  + . .     SeeInvis .     f - +0 dagger
rCold  . . .     Gourm    .     a - +0 robe
rNeg   . . .     Faith    .     (no shield)
rPois  .         Spirit   +     (no helmet)
rElec  .         Dismiss  .     (no cloak)
rCorr  .         Reflect  .     h - +1 pair of gloves
SustAt .         Harm     .     p - +2 pair of boots
MR     .....                    (no amulet)
Stlth  ++........               n - +3 ring of protection
                                o - ring of protection from fire

@: very slightly contaminated, not resistant to hostile enchantments, unstealthy
A: iridescent scales 2, magic shield
a: no special abilities


You were on level 4 of the Dungeon.
You were not hungry.

You visited 1 branch of the dungeon, and saw 3 of its levels.

You collected 100 gold pieces.

Inventory:

Hand Weapons
 f - a +0 dagger (weapon)
Armour
 a - a +0 robe (worn)
 h - a +1 pair of gloves (worn)
 p - a +2 pair of boots (worn)
Jewellery
 j - an uncursed ring of see invisible
 n - a +3 ring of protection (right hand)
 o - a ring of protection from fire (left hand)
Scrolls
 e - a scroll of fear {unknown}
 g - 2 scrolls of identify {unknown}
 k - 4 scrolls of amnesia {unknown}
Books
 b - a Young Poisoner's Handbook

   Spells                             Type                      Level
   a - Sting                          Conjuration/Poison           1
   b - Cure Poison                    Poison                       2
   c - Mephitic Cloud                 Conjuration/Poison/Air       3
   d - Olgreb's Toxic Radiance        Poison                       4
   e - Venom Bolt                     Conjuration/Poison           5
Comestibles
 c - a bread ration
 d - a slice of pizza
 m - 3 chunks of flesh


   Skills:
 + Level 3.1 Dodging
 * Level 3.5 Stealth
 + Level 3.0 Spellcasting
 + Level 4.7 Poison Magic


You had 6 spell levels left.
You knew the following spells:

 Your Spells              Type           Power        Failure   Level  Hunger
a - Sting                 Conj/Pois      ##..         10%         1    None
b - Mephitic Cloud        Conj/Pois/Air  #.......     30%         3    ###....


Dungeon Overview and Level Annotations

Branches:
Dungeon (2/15)

Altars:
Ru
Yredelemnul


Innate Abilities, Weirdness & Mutations

You are mostly covered in iridescent scales (AC +6).
When hurt, damage is shared between your health and your magic reserves.


Message History

Your +0 pair of gloves glows green for a moment.
The orc priest barely misses you.
Read which item? (? for menu, Esc to quit)
As you read the scroll labeled FOV DAIWEANIL, it crumbles to dust.
You experience a momentary feeling of inescapable doom!
It was a scroll of random uselessness.
The orc priest looks braver for a moment.
Read which item? (? for menu, Esc to quit)
As you read the scroll labeled RATSIG BIERGHEO, it crumbles to dust.
The creatures around you are filled with an inner flame!
It was a scroll of immolation.
The orc priest barely misses you.
Casting: Sting
Confirm with . or Enter, or press ? or * to list all spells.
Aiming: Sting
Press: ? - help, Shift-Dir - straight line, f/p - orc priest
Aim: an orc priest (severely wounded, inner flame)
You miscast Sting.
Nothing appears to happen.
The orc priest calls down the wrath of Beogh upon you.
Pain shoots through your body!
You die...

#.##.# #### #.##.# #..
#.##.# #.############
#.##.# #.............
..##.# #.###########.
...##.####............)
#........)o...oo##
####.......?###o#
######...# #@# #...#
#.# #####...###.##
#......o##...###.
#.###.............
##..###.####.# #...
.... ..... ..###
###.####.#


You could see 2 orc priests and an orc (inner flame).

Vanquished Creatures
  2 hounds (D:2)
  2 orc priests (D:4)
  An iguana (D:4)
  3 adders (D:2)
  A gnoll (D:2)
  2 worms (D:2)
  2 giant geckos
  2 orcs (D:4)
  A ball python (D:2)
  6 bats
  7 goblins
  6 hobgoblins
  4 jackals (D:2)
  A giant newt (D:2)
  4 kobolds
  5 rats
  A butterfly (D:4)
50 creatures vanquished.

Notes
Turn   | Place    | Note
--------------------------------------------------------------
     0 | D:1      | matakusis the Demonspawn Venom Mage began the quest for the Orb.
     0 | D:1      | Reached XP level 1. HP: 13/13 MP: 3/3
   338 | D:1      | Gained mutation: You are partially covered in iridescent scales (AC +4). [demonic ancestry]
   338 | D:1      | Reached XP level 2. HP: 19/19 MP: 0/5
   911 | D:2      | Gained mutation: You are mostly covered in iridescent scales (AC +6). [demonic ancestry]
   911 | D:2      | Reached XP level 3. HP: 21/24 MP: 6/6
  1006 | D:2      | Learned a level 3 spell: Mephitic Cloud
  1239 | D:2      | Found a sacrificial altar of Ru.
  1487 | D:2      | Gained mutation: When hurt, damage is shared between your health and your magic reserves. [demonic ancestry]
  1487 | D:2      | Reached XP level 4. HP: 30/30 MP: 4/7
  1557 | D:2      | Found a basalt altar of Yredelemnul.
  1657 | D:2      | Reached XP level 5. HP: 34/35 MP: 4/9
  1699 | D:2      | You fall through a shaft for 2 floors!
  1871 | D:4      | Noticed an ogre
  1888 | D:4      | HP: 1/35 [orc priest (3)]
  1895 | D:4      | Killed from afar by an orc priest

Skill      XL: |  1  2  3  4  5 |
---------------+----------------+-----
Stealth        | 2 3 |  3.5
Dodging        | 2 3 |  3.1
Spellcasting   | 3 |  3.0
Poison Magic   | |  4.7

Action                   |  1- 3 |  4- 6 || total
-------------------------+-------+-------++-------
Melee: Dagger            |    62 |    46 ||   108
       Unarmed           |     1 |       ||     1
 Cast: Sting             |    58 |    13 ||    71
       Mephitic Cloud    |       |     3 ||     3
  Use: Potion            |       |     6 ||     6
       Scroll            |       |     3 ||     3
 Stab: Sleeping          |     6 |     5 ||    11
       Confused          |       |     2 ||     2
  Eat: Chunk             |     2 |     2 ||     4
Armor: Robe              |    39 |    19 ||    58
Dodge: Dodged            |    43 |    25 ||    68
